 Dungeon Crawl Stone Soup version 0.17-a0-125-g34d91a1 (webtiles) character file.

431 PolkaDot the Vexing (level 6, -1/41 HPs)
             Began as a Vampire Enchanter on Mar 23, 2015.
             Slain by Creepadon's ghost (12 damage)
             ... on level 4 of the Dungeon.
             The game lasted 00:12:23 (4346 turns).

PolkaDot the Vexing (Vampire Enchanter)             Turns: 4346, Time: 00:12:24

Health: -1/41      AC:  7    Str: 12    XL:     6   Next: 66%
Magic:  9/9        EV: 12    Int: 19    God:
Gold:   135        SH:  0    Dex: 16    Spells: 3 memorised, 3 levels left

rFire  . . .     SeeInvis +     w - +4 rapier
rCold  + + .     Clarity  .     B - +2 troll leather armour {Purgy}
rNeg   + + +     SustAb   .     (no shield)
rPois  ∞         Gourm    .     u - +0 helmet
rElec  .         Spirit   .     (no cloak)
rCorr  .         Warding  .     (no gloves)
rMut   .         Stasis   .     (no boots)
MR     ++...                    (no amulet)
Stlth  ++++......               (no ring)
                                i - ring of protection from magic

@: mighty, very slightly contaminated, bloodless, non-regenerating, hasted, very
quick, very resistant to hostile enchantments, stealthy
A: bottle blood, fangs 3, see invisible, agile 1, berserk 1, low mp 1, magic
resistance 1, unbreathing
a: Bat Form


You were on level 4 of the Dungeon.
You were bloodless.

You visited 2 branches of the dungeon, and saw 5 of its levels.

You collected 135 gold pieces.

Inventory:

Hand weapons
 w - a +4 rapier (weapon)
Missiles
 f - a throwing net (quivered)
Armour
 u - a +0 helmet (worn)
 B - a +2 troll leather armour (worn) {Purgy}
Jewellery
 i - a ring of protection from magic (left hand)
Magical devices
 s - a wand of magic darts (23)
 t - a wand of magic darts (29)
Scrolls
 a - a scroll of remove curse {unknown}
 d - a scroll of recharging {unknown}
 m - a scroll of fog {unknown}
 n - a scroll of identify {unknown}
 o - a scroll of random uselessness {unknown}
 p - 3 scrolls of teleportation {unknown}
 y - a scroll of noise {unknown}
Potions
 r - a potion of cancellation {unknown}
 v - a potion of lignification {unknown}
 x - a potion of invisibility {unknown}
 z - a potion of magic
 A - 2 potions of blood {@*1}
Books
 c - a book of Maledictions

   Spells                             Type                      Level
   a - Corona                         Hexes                        1
   b - Ensorcelled Hibernation        Hexes/Ice                    2
   c - Confuse                        Hexes                        3
   d - Dazzling Spray                 Conjuration/Hexes            3
   e - Enslavement                    Hexes                        4


   Skills:
 + Level 4.0 Short Blades
 - Level 2.1 Dodging
 + Level 6.5 Stealth
 - Level 2.0 Spellcasting
 * Level 7.6 Hexes
 - Level 2.2 Ice Magic


You had 3 spell levels left.
You knew the following spells:

 Your Spells              Type           Power        Failure   Level  Hunger
a - Corona                Hex            ####...      1%          1    #......
c - Confuse               Hex            ####....     2%          3    ###....
d - Ensorcelled Hibernat  Hex/Ice        ###...       6%          2    ###....


Dungeon Overview and Level Annotations

Branches:
Dungeon (4/15)             Temple (1/1) D:4

Altars:
Cheibriados
Elyvilon
Fedhas
Makhleb
Nemelex Xobeh
Okawaru
Qazlal
Ru
Trog
Xom
Yredelemnul

Annotations:
D:4 Creepadon's ghost, experienced TrMo; Eustachio


Innate Abilities, Weirdness & Mutations

You do not heal naturally.
You can bottle blood from corpses.
You have razor-sharp teeth.
You have supernaturally acute eyesight.
You can survive without breathing.
You are agile. (Dex +2)
You tend to lose your temper in combat.
Your magical capacity is low (-10% MP).
You are resistant to hostile enchantments.


Message History

Creepadon's ghost is heavily damaged.
You hit Creepadon's ghost. You bite Creepadon's ghost!
Creepadon's ghost is severely damaged.
Creepadon's ghost hits you!
* * * LOW HITPOINT WARNING * * *
Your troll leather armour prevents you from hitting Creepadon's ghost.
You bite Creepadon's ghost.
Creepadon's ghost is severely damaged.
Creepadon's ghost closely misses you.
You hit Creepadon's ghost.
Creepadon's ghost is severely damaged.
You barely miss Creepadon's ghost. Your bite misses Creepadon's ghost.
Creepadon's ghost is severely damaged.
Creepadon's ghost closely misses you.
You hit Creepadon's ghost.
Creepadon's ghost is almost destroyed.
You puncture Creepadon's ghost!
Creepadon's ghost is almost destroyed.
Creepadon's ghost hits you!
You die...

. .. .# .. .... .##.
.##......### ...
....#..#.##.. .. .
.##......#....###. ....#
..............##.#......
...............#@#......
...............W##.....#
.................#.....#
#.).†..>.....#......#####
...#........##..##.........#
.............#..#.......#
....###..###...........##
.#.....................##
#..#.......###...#...#..##


You could see Creepadon's ghost.

Vanquished Creatures
  Purgy (D:4)
  A hound (D:4)
  A giant frog skeleton (D:4)
  An orc priest (D:4)
  3 orc wizards
  5 adders
  3 worms
  4 giant geckos
  14 orcs
  13 goblins
  5 hobgoblins
  3 jackals
  13 kobolds
  2 quokkas
  10 ball pythons
  8 bats
  2 giant cockroaches (D:1)
  5 giant newts
  14 rats
108 creatures vanquished.

Notes
Turn   | Place    | Note
--------------------------------------------------------------
     0 | D:1      | PolkaDot, the Vampire Enchanter, began the quest for the Orb.
     0 | D:1      | Reached XP level 1. HP: 13/13 MP: 3/3
   212 | D:1      | Reached skill level 5 in Hexes
   214 | D:1      | Reached XP level 2. HP: 10/19 MP: 4/4
  1033 | D:2      | Reached XP level 3. HP: 18/24 MP: 6/6
  1155 | D:2      | Learned a level 3 spell: Confuse
  1158 | D:2      | Learned a level 2 spell: Ensorcelled Hibernation
  1565 | D:2      | Reached skill level 5 in Stealth
  1851 | D:2      | Reached XP level 4. HP: 27/30 MP: 7/7
  2129 | D:2      | Reached skill level 6 in Hexes
  2870 | D:3      | Found a snail-covered altar of Cheibriados.
  2870 | D:3      | Found a white marble altar of Elyvilon.
  2894 | D:3      | Found a basalt altar of Yredelemnul.
  3231 | D:3      | Reached skill level 1 in Ice Magic
  3302 | D:3      | Found a burning altar of Makhleb.
  3303 | D:3      | Found a stormy altar of Qazlal.
  3317 | D:3      | Reached XP level 5. HP: 35/35 MP: 9/9
  3986 | D:4      | Noticed Purgy
  3992 | D:4      | Killed Purgy
  3992 | D:4      | Reached skill level 7 in Hexes
  3992 | D:4      | Reached XP level 6. HP: 35/41 MP: 7/10
  4121 | D:4      | Found a staircase to the Ecumenical Temple.
  4132 | Temple   | Entered the Ecumenical Temple
  4278 | D:4      | Noticed Creepadon's ghost (experienced TrMo)
  4282 | D:4      | Noticed Eustachio
  4328 | D:4      | Gained mutation: You tend to lose your temper in combat. [potion of mutation]
  4328 | D:4      | Gained mutation: Your magical capacity is low (-10% MP). [potion of mutation]
  4328 | D:4      | Gained mutation: You are resistant to hostile enchantments. [potion of mutation]
  4330 | D:4      | Gained mutation: You are agile. (Dex +2) [potion of beneficial mutation]
  4346 | D:4      | Slain by Creepadon's ghost

Action                   |  1- 3 |  4- 6 || total
-------------------------+-------+-------++-------
Melee: Dagger            |   172 |    66 ||   238
       Rapier            |       |    98 ||    98
 Cast: Corona            |     2 |       ||     2
       Ensorcelled Hiber |     2 |    20 ||    22
       Confuse           |     1 |     4 ||     5
  Use: Potion            |     1 |    10 ||    11
       Scroll            |       |     3 ||     3
 Stab: Sleeping          |    10 |    26 ||    36
       Confused          |       |     3 ||     3
